 Dungeon Crawl Stone Soup version 0.24-a0-278-gefa1973 (webtiles) character file.

Game seed: 5353774552445337410

1622 Hasart the Firebug (level 8, -8/41 HPs)
             Began as a Deep Elf Fire Elementalist on Apr 30, 2019.
             Was an Initiate of Sif Muna.
             Mangled by a fire vortex (22 damage)
             ... summoned by miscasting Sticky Flame
             ... on level 6 of the Dungeon.
             The game lasted 00:10:25 (4586 turns).

Hasart the Firebug (Deep Elf Fire Elementalist)     Turns: 4586, Time: 00:10:25

Health: -8/41      AC:  7    Str:  5    XL:     8   Next: 65%
Magic:  2/19       EV: 14    Int: 25    God:    Sif Muna [......]
Gold:   275        SH:  0    Dex: 15    Spells: 9/19 levels left

rFire    . . .     SeeInvis .   w - +3 hand axe
rCold    + . .     Gourm    .   (no shield)
rNeg     . . .     Faith    .   v - +2 leather armour {rC+}
rPois    .         Spirit   .   j - +0 helmet
rElec    .         Reflect  .   q - +0 cloak
rCorr    .         Harm     .   (no gloves)
MR       .....                  (no boots)
Stlth    ++........             m - amulet of magic regeneration
HPRegen  0.13/turn              d - +2 ring of intelligence
MPRegen  0.41/turn              (no ring)

@: very slightly contaminated
A: no striking features
a: Renounce Religion


You were on level 6 of the Dungeon.
You worshipped Sif Muna.
Sif Muna was noncommittal.
You were near starving.

You visited 2 branches of the dungeon, and saw 7 of its levels.

You collected 275 gold pieces.

Inventory:

Hand Weapons
 w - a +3 hand axe (weapon)
Armour
 j - a +0 helmet (worn)
 q - a +0 cloak (worn)
 s - a +1 robe of magic resistance
 v - a +2 leather armour of cold resistance (worn)
Jewellery
 d - a +2 ring of intelligence (left hand)
 m - an amulet of magic regeneration (around neck)
Wands
 k - a wand of disintegration (18)
 u - a wand of random effects (32)
Scrolls
 a - a scroll of immolation {unknown}
 b - 3 scrolls of identify {unknown}
 f - 5 scrolls of enchant armour {unknown}
 g - a scroll of fear {unknown}
 h - 3 scrolls of teleportation {unknown}
 l - 4 scrolls of remove curse {unknown}
 o - 2 scrolls of random uselessness {unknown}
 x - a scroll of noise {unknown}
 y - a scroll of amnesia {unknown}
Potions
 e - 3 potions of curing {unknown}
 i - a potion of invisibility {unknown}
 n - a potion of degeneration {unknown}
 p - 3 potions of agility {unknown}
 r - a potion of ambrosia {unknown}
 t - 2 potions of heal wounds {unknown}
 z - a potion of lignification {unknown}
 A - a potion of flight {unknown}
 C - a potion of mutation {unknown}
Comestibles
 c - 5 rations


   Skills:
 + Level 2.4 Armour
 + Level 5.5 Dodging
 - Level 2.4 Stealth
 + Level 6.3 Spellcasting
 * Level 6.6 Conjurations
 * Level 7.4 Fire Magic


You had 9 spell levels left.
You knew the following spells:

 Your Spells              Type           Power        Failure   Level  Hunger
a - Flame Tongue          Conj/Fire      #####        1%          1    None
b - Sticky Flame          Conj/Fire      #####...     6%          4    ###....
c - Fireball              Conj/Fire      #####.....   19%         5    #####..

Your spell library contained the following spells:

 Spells                   Type           Power        Failure   Level  Hunger
 Throw Flame              Conj/Fire      #####.       1%          2    None
 Conjure Flame            Conj/Fire      #####...     1%          3    None
 Inner Flame              Hex/Fire       ####....     8%          3    None
 Dazzling Spray           Conj/Hex       ###...       9%          3    None
 Corona                   Hex            #......      12%         1    None
 Ensorcelled Hibernation  Hex/Ice        #.....       17%         2    None
 Confuse                  Hex            #.......     34%         3    None
 Tukima's Dance           Hex            #.......     34%         3    None


Dungeon Overview and Level Annotations

Branches:
Dungeon (6/15)             Temple (1/1) D:5

Altars:
Ashenzari
Cheibriados
Dithmenos
Fedhas
Hepliaklqana
Qazlal
Sif Muna
Trog
Wu Jian
Xom
Yredelemnul
The Shining One


Message History

The ufetubus completely misses you. Eustachio hits you with a +0 falchion.
The white imp grins evilly.
The white imp hits you. The white imp freezes you. You resist.
Casting: Sticky Flame (safe; 7% risk of failure)
Confirm with . or Enter, or press ? or * to list all spells.
Aiming: Sticky Flame (safe; 7% risk of failure)
Press: ? - help, Shift-Dir - straight line, f/p - Eustachio
Aim: Eustachio, wielding a +0 falchion and wearing a +0 leather armour (almost dead, covered in liquid flames)
The sticky flame hits Eustachio.
You kill Eustachio!
Sif Muna accepts your kill.
The quasit disappears in a puff of smoke!
The white imp disappears in a puff of smoke!
The ufetubus disappears in a puff of smoke!
Unknown command.
Unknown command.
Unknown command.
The fire vortex hits you. The fire vortex burns you!
Ouch! That really hurt!
You die...

##...## ##.....#
##......#
#.......#
###.......#
##.........#
........v..##
.....###..).# ...
##..@## . ##...#
##..## #######
##..######..(..###
##..............#
#.(.............
###...########<.
##### ###


You could see a fire vortex.

Vanquished Creatures
  Pikel (D:5)
  Grinder (D:3)
  Eustachio (D:6)
  An ice beast (D:6)
  A sky beast (D:5)
  A howler monkey (D:6)
  2 bullfrog zombies (D:5)
  4 hounds
  An orc priest (D:3)
  A centaur skeleton (D:4)
  3 orc wizards
  3 worker ants
  A hound skeleton (D:6)
  2 worker ant zombies (D:5)
  2 adders (D:2)
  An ooze (D:1)
  An adder skeleton (D:4)
  3 worms
  2 dart slugs
  2 leopard geckos
  24 orcs
  15 bats
  7 giant cockroaches
  11 goblins
  5 hobgoblins
  7 jackals
  4 quokkas
  3 ball pythons
  2 frilled lizards
  A jackal skeleton (D:5)
  6 kobolds
  A leopard gecko skeleton (D:4)
  5 rats
125 creatures vanquished.

Notes
Turn   | Place    | Note
-------+----------+-------------------------------------------
     0 | D:1      | Hasart the Deep Elf Fire Elementalist began the quest for
                  | the Orb.
     0 | D:1      | Reached XP level 1. HP: 10/10 MP: 6/6
     2 | D:1      | Noticed a minotaur
     2 | D:1      | Noticed an elf
     4 | D:1      | Noticed a spriggan
     4 | D:1      | Noticed a tengu
     6 | D:1      | Noticed a felid
     8 | D:1      | Noticed an octopode
     8 | D:1      | Noticed a formicid
    10 | D:1      | Noticed a draconian
    10 | D:1      | Noticed a demonspawn
    12 | D:1      | Noticed a troll
    12 | D:1      | Noticed a merfolk
    14 | D:1      | Noticed a dwarf
    14 | D:1      | Noticed a naga
    16 | D:1      | Noticed an ogre
    16 | D:1      | Noticed a vine stalker
    18 | D:1      | Noticed a ghoul
    20 | D:1      | Noticed a human
    22 | D:1      | Noticed a gargoyle
    22 | D:1      | Noticed a vampire
    24 | D:1      | Noticed a halfling
    24 | D:1      | Noticed a demigod
    26 | D:1      | Noticed a centaur
   146 | D:1      | Reached XP level 2. HP: 15/15 MP: 4/8
   588 | D:1      | Reached XP level 3. HP: 16/19 MP: 3/9
  1183 | D:2      | Reached skill level 4 in Fire Magic
  1727 | D:2      | Reached XP level 4. HP: 24/24 MP: 7/11
  1805 | D:2      | Found a blossoming altar of Fedhas.
  1821 | D:2      | Learned a level 4 spell: Sticky Flame
  2513 | D:3      | Reached XP level 5. HP: 28/28 MP: 10/13
  2617 | D:3      | Noticed Grinder
  2635 | D:3      | Paralysed by Grinder for 5 turns
  2638 | D:3      | Killed Grinder
  2638 | D:3      | Reached skill level 5 in Fire Magic
  2638 | D:3      | Reached XP level 6. HP: 25/32 MP: 8/14
  3055 | D:3      | Learned a level 5 spell: Fireball
  3248 | D:4      | Reached XP level 7. HP: 33/36 MP: 12/16
  3286 | D:4      | Reached skill level 5 in Spellcasting
  3593 | D:5      | Entered Level 5 of the Dungeon
  3809 | D:5      | Noticed Pikel
  3839 | D:5      | Killed Pikel
  3839 | D:5      | Reached skill level 1 in Armour
  3839 | D:5      | Reached skill level 5 in Conjurations
  3839 | D:5      | Reached skill level 6 in Fire Magic
  3839 | D:5      | Reached XP level 8. HP: 32/41 MP: 9/18
  3914 | D:5      | Reached skill level 5 in Dodging
  3994 | D:5      | Reached skill level 7 in Fire Magic
  4170 | D:5      | Found a staircase to the Ecumenical Temple.
  4199 | Temple   | Entered the Ecumenical Temple
  4204 | Temple   | Became a worshipper of Sif Muna the Loreminder
  4574 | D:6      | Noticed Eustachio
  4583 | D:6      | Killed Eustachio
  4586 | D:6      | Mangled by a fire vortex

Levels and vault maps discovered:
D:1:      kb_arrival_jail, layout_basic, interstate_on_off
D:2:      layout_loops_ring, lemuel_coloured_pillars_altar, grunt_ministairs_2
D:3:      layout_basic, first_ration, uniq_grinder
D:4:      layout_cave_pools, minivault_19
D:5:      layout_basic, temple_green, uniq_pikel
D:6:      layout_layer_cave, lemuel_crystal_altar, uniq_eustachio
Temple:   minmay_freezing_vapour_temple

Skill      XL: |  1  2  3  4  5  6  7  8 |
---------------+-------------------------+-----
Conjurations   | 2 3 4 5 6 |  6.6
Fire Magic     | 4 5 6 7 |  7.4
Dodging        | 3 4 5 |  5.5
Spellcasting   | 4 5 6 |  6.3
Armour         | 1 2 |  2.4
Stealth        | |  2.4

Action                   |  1- 3 |  4- 6 |  7- 9 || total
-------------------------+-------+-------+-------++-------
Melee: Hand axe          |       |     3 |    22 ||    25
 Cast: Flame Tongue      |    73 |   121 |    43 ||   237
       Sticky Flame      |       |     3 |    14 ||    17
       Fireball          |       |       |     2 ||     2
  Eat: Chunk             |     2 |     5 |     5 ||    12
Armor: Robe              |     6 |    15 |       ||    21
       Leather armour    |       |     1 |    12 ||    13
Dodge: Dodged            |    24 |    51 |    27 ||   102

Table legend:
 A = Non-vault XP
 B = Vault XP
 C = Vault XP percentage of total XP
 D = Non-vault monster count
 E = Vault monster count
 F = Vault count percentage of total count
                 A         B        C        D         E       F
            +---------+---------+-------+---------+---------+-------
      Total |    1141 |    1177 |  50.8 |     120 |       5 |   4.0
            +---------+---------+-------+---------+---------+-------
        D:1 |      53 |       0 |   0.0 |      30 |       0 |   0.0
        D:2 |      53 |      15 |  22.1 |      20 |       2 |   9.1
        D:3 |     167 |     281 |  62.7 |      38 |       1 |   2.6
        D:4 |     250 |       0 |   0.0 |      13 |       0 |   0.0
        D:5 |     412 |     685 |  62.4 |      16 |       1 |   5.9
        D:6 |     206 |     196 |  48.8 |       3 |       1 |  25.0
            +---------+---------+-------+---------+---------+-------
